 Dungeon Crawl Stone Soup version 0.23.2-33-g5129a83184 (webtiles) character file.

Game seed: 17480458034997249421

190200 grattegratte the Earth Mage (level 18, -1/113 HPs)
             Began as a Gargoyle Earth Elementalist on July 31, 2019.
             Was the Champion of Sif Muna.
             Slain by a ghost moth (7 damage)
             ... on level 3 of the Spider Nest on Aug 1, 2019.
             The game lasted 07:04:15 (65034 turns).

grattegratte the Earth Mage (GrEE)                 Turns: 65034, Time: 07:04:16

Health: -1/113     AC: 29    Str: 13      XL:     18   Next: 60%
Magic:  0/35       EV: 17    Int: 23 (26) God:    Sif Muna [******]
Gold:   2613       SH:  4    Dex:  9 (13) Spells: 13/43 levels left

rFire    . . .     SeeInvis .   o - staff of earth
rCold    + . .     Gourm    .   s - +0 buckler
rNeg     + . .     Faith    .   g - +0 troll leather armour
rPois    ∞         Spirit   .   u - +2 helmet {Int+3}
rElec    +         Reflect  .   U - +2 cloak
rCorr    .         Harm     .   v - +2 pair of gloves {Dex+3}
MR       ++...                  A - +0 pair of boots {Stlth+}
Stlth    +.........             P - amulet of the Air {Inacc +Fly rElec EV+5 RMsl}
HPRegen  0.68/turn              l - ring of protection from cold
MPRegen  0.24/turn              w - ring of protection from magic

@: flying, studying Necromancy, divine energy, repel missiles
A: big wings, negative energy resistance 1, electricity resistance, unbreathing,
petrification resistance, rot immunity, AC +13
a: Stop Flying, Stop Divine Energy, Channel Magic, Forget Spell, Renounce
Religion


You were on level 3 of the Spider Nest.
You worshipped Sif Muna.
Sif Muna was exalted by your worship.
You were not hungry.

You visited 6 branches of the dungeon, and saw 30 of its levels.
You also visited: Sewer and Ice Cave.

You collected 3107 gold pieces.
You spent 494 gold pieces at shops.

Inventory:

Hand Weapons
 E - a +5 arbalest
Missiles
 b - 493 stones (quivered)
Armour
 f - a +2 robe of cold resistance
 g - a +0 troll leather armour (worn)
 m - a +1 leather armour of magic resistance
 s - a +0 buckler (worn)
 u - a +2 helmet of intelligence (worn)
 v - a +2 pair of gloves of dexterity (worn)
 A - a +0 pair of boots of stealth (worn)
 B - the +1 robe of Vehumet's Whim {Str+4}
   (You found it on level 2 of the Swamp)

   It affects your strength (+4).
 U - a +2 cloak (worn)
Magical Staves
 e - an uncursed staff of fire
 o - an uncursed staff of earth (weapon)
 N - an uncursed staff of summoning {unknown}
 S - an uncursed staff of poison
Jewellery
 c - an uncursed ring of fire
 l - a ring of protection from cold (left hand)
 n - an uncursed ring of resist corrosion
 w - a ring of protection from magic (right hand)
 y - an uncursed ring of ice
 z - an uncursed ring of protection from fire
 P - the amulet of the Air (around neck) {Inacc +Fly rElec EV+5 RMsl}
   (You found it on level 8 of the Dungeon)

   [amulet of inaccuracy]

   It reduces the accuracy of all your attacks.
   It affects your evasion (+5).
   It insulates you from electricity.
   It lets you fly.
   It protects you from missiles.
 T - an uncursed ring of positive energy
 X - a cursed amulet of inaccuracy {unknown}
 Z - an uncursed ring of ice
Wands
 x - a wand of iceblast (7)
 R - a wand of random effects (6)
 V - a wand of digging (3)
Scrolls
 a - 2 scrolls of magic mapping
 q - 7 scrolls of remove curse
 D - a scroll of blinking {unknown}
 I - a scroll of amnesia
 J - a scroll of fear
 L - a scroll of enchant weapon
 Y - a scroll of enchant armour
Potions
 h - 2 potions of heal wounds
 p - 9 potions of curing
 F - a potion of might
 H - 4 potions of haste
 K - a potion of ambrosia
 M - a potion of berserk rage {unknown}
 O - 3 potions of resistance
 Q - 4 potions of mutation
Books
 t - a manual of Necromancy
Miscellaneous
 i - a box of beasts
 j - a lamp of fire
 k - a crystal ball of energy
 C - a fan of gales
 G - a phantom mirror
 W - a lightning rod (4/4)
Comestibles
 d - 14 rations


   Skills:
 + Level 12.8 Fighting
 + Level 5.9 Staves
 - Level 6.0 Armour
 - Level 3.0 Dodging
 - Level 2.1 Stealth
 - Level 4.0 Shields
 + Level 13.2 Spellcasting
 + Level 15.8 Conjurations
 - Level 3.0 Summonings
 - Level 3.0 Transmutations
 * Level 12.2 Fire Magic
 + Level 17.5 Earth Magic
 - Level 5.0 Invocations
 + Level 5.2 Evocations


You had 13 spell levels left.
You knew the following spells:

 Your Spells              Type           Power        Failure   Level  Hunger
a - Sandblast             Erth           ######       0%          1    None
b - Passwall              Tmut/Erth      #######.     1%          2    None
c - Stone Arrow           Conj/Erth      ######       0%          3    None
d - Petrify               Tmut/Erth      #######.     1%          4    None
e - Lee's Rapid Deconstr  Erth           #######...   1%          5    ###....
f - Iron Shot             Conj/Erth      #######...   1%          6    #####..
g - Summon Butterflies    Summ           ####....     1%          1    None
h - Bolt of Magma         Conj/Fire/Erth #######...   1%          5    ###....
i - Conjure Flame         Conj/Fire      ######..     1%          3    None

Your spell library contained the following spells:

 Spells                   Type           Power        Failure   Level  Hunger
 Flame Tongue             Conj/Fire      #####        0%          1    None
 Magic Dart               Conj           ####         0%          1    None
 Searing Ray              Conj           ######       0%          2    None
 Shock                    Conj/Air       ####         1%          1    None
 Summon Small Mammal      Summ           ####         1%          1    None
 Throw Flame              Conj/Fire      ######       1%          2    None
 Throw Frost              Conj/Ice       ######       1%          2    None
 Dazzling Spray           Conj/Hex       ######       1%          3    None
 Inner Flame              Hex/Fire       #####...     1%          3    None
 Mephitic Cloud           Conj/Pois/Air  #####...     1%          3    None
 Static Discharge         Conj/Air       ######..     1%          3    None
 Force Lance              Conj/Tloc      ######..     1%          4    None
 Fulminant Prism          Conj/Hex       ######....   1%          4    None
 Iskenderun's Mystic Bla  Conj           ######..     1%          4    None
 Sticky Flame             Conj/Fire      ######..     1%          4    None
 Fireball                 Conj/Fire      ######....   1%          5    ###....
 Call Imp                 Summ           ####....     2%          2    None
 Irradiate                Conj/Tmut      ######....   2%          5    ###....
 Bolt of Fire             Conj/Fire      ######....   2%          6    #####..
 Animate Skeleton         Necr           N/A          4%          1    None
 Confusing Touch          Hex            ###...       4%          1    None
 Infusion                 Chrm           ###.         4%          1    None
 Call Canine Familiar     Summ           ####....     4%          3    None
 Bolt of Draining         Conj/Necr      ######....   5%          5    ###....
 Iskenderun's Battlesphe  Conj/Chrm      ######..     5%          5    ###....
 Lightning Bolt           Conj/Air       ######....   5%          5    ###....
 Venom Bolt               Conj/Pois      ######....   5%          5    ###....
 Orb of Destruction       Conj           ######....   6%          7    ######.
 Shroud of Golubria       Chrm/Tloc      ###.......   8%          2    None
 Song of Slaying          Chrm           ###.....     8%          2    None
 Swiftness                Chrm/Air       ###.....     8%          2    None
 Summon Guardian Golem    Hex/Summ       ###.....     9%          3    None
 Confuse                  Hex            ###.....     16%         3    None
 Gell's Gravitas          Tloc           ###.......   16%         3    None
 Regeneration             Chrm/Necr      ###.......   16%         3    None
 Spectral Weapon          Hex/Chrm       ###.....     16%         3    None
 Vampiric Draining        Necr           ###.......   16%         3    None
 Ice Form                 Ice/Tmut       ###.....     26%         4    None
 Summon Ice Beast         Ice/Summ       ###.....     26%         4    None
 Summon Lightning Spire   Summ/Air       ###.....     26%         4    None
 Bolt of Cold             Conj/Ice       ######....   28%         6    #####..
 Lehudib's Crystal Spear  Conj/Erth      #######...   34%         8    #######
 Airstrike                Air            ###.......   45%         4    None
 Olgreb's Toxic Radiance  Pois           ###.....     45%         4    None
 Yara's Violent Unravell  Hex/Tmut       ###.......   58%         5    ###....
 Freezing Cloud           Conj/Ice/Air   #####.....   65%         6    #####..
 Agony                    Necr           ###.....     80%         5    ###....
 Metabolic Englaciation   Hex/Ice        ###.......   80%         5    ###....
 Silence                  Hex/Air        ###.......   80%         5    ###....
 Ignition                 Fire           ######....   91%         8    #######
 Ring of Flames           Chrm/Fire      #####.....   98%         7    ######.
 Shatter                  Erth           #######...   98%         9    #######
 Deflect Missiles         Chrm/Air       ###.......   100%        6    #####..
 Ozocubu's Refrigeration  Ice            ###.......   100%        6    #####..
 Simulacrum               Ice/Necr       ###.......   100%        6    #####..
 Malign Gateway           Summ/Tloc      ###.......   100%        7    ######.
 Chain Lightning          Conj/Air       ######....   100%        8    #######
 Infestation              Necr           ###.......   100%        8    #######
 Fire Storm               Conj/Fire      ######....   100%        9    #######


Dungeon Overview and Level Annotations

Branches:
Dungeon (15/15)            Temple (1/1) D:7            Lair (6/6) D:8
  Swamp (2/4) Lair:2       Spider (4/4) Lair:4        Slime (0/5) Lair:6
    Orc (2/2) D:11            Elf (0/3) Orc:2        Vaults (0/5) D:14
 Depths (0/5) D:15

Altars:
Ashenzari
Cheibriados
Dithmenos
Elyvilon
Fedhas
Gozag
Hepliaklqana
Kikubaaqudgha
Makhleb
Nemelex Xobeh
Okawaru
Qazlal
Ru
Sif Muna
Trog
Uskayaw
Vehumet
Wu Jian
Xom
Yredelemnul
Zin
The Shining One
Beogh
Jiyva

Shops:
D:7 !   D:8 :   D:9 =   D:11 ([   D:12 !   Orc:1 %   Orc:2 ?}?[

Portals:
Pandemonium: Orc:2


Innate Abilities, Weirdness & Mutations

You are resistant to torment.
Your stone body is resilient. (AC +13)
You are immune to poison.
Your large and strong wings let you fly indefinitely.
You resist negative energy. (rN+)
You are resistant to electric shocks. (rElec)
You can survive without breathing.
You are immune to petrification.
You are immune to rotting.


Message History

Press: ? - help, Dir - move target cursor A rock wall.
You feel a surge of power! Sif Muna grants you divine energy.
You briefly lose access to your magic!
You feel you are being watched by something.
You feel your power leaking away. Something hits you!
* * * LOW HITPOINT WARNING * * *
Something barely misses you.
Something stings you but does no damage.
You begin to meditate on the wall.
You continue meditating on the rock.
Something hits you but does no damage. Something hits you.
* * * LOW HITPOINT WARNING * * *
You feel dopey.
Something stings you but does no damage.
You continue meditating on the rock.
You regain access to your magic.
Something hits you!
You die...

##..^..### ##^#####.......###.#
##......# ### ##........# ###
#.......# #......#..# #.....###
##.....#.## ## ......#
######...#### ##. ......#
#...........###.. ...^..#
##............... #.....###
###.....^#........ #....##^####
##@#...#####....... ##......#..##
#.{#..###.##^##.^..
...........^###..#.##.#..#####.#.
#^.......^....#>.###.^#...#..####
##...#..#.^......#......#.#.....#
########........##.....###^..ss#
##......^..#......#^......
#.......#........##...<...
#.^..#####.......#.^......


There were no monsters in sight!

Vanquished Creatures
  Arachne (Spider:4)
  Jorgrun (D:15)
  An acid blob (Lair:6)
  A thorn hunter (Swamp:1)
  A frost giant (IceCv)
  3 ghost moths
  6 emperor scorpions
  2 orc warlords (D:11)
  2 entropy weavers
  4 spark wasps
  4 dire elephants (Lair:6)
  Fannar (Lair:2)
  A rakshasa (D:15)
  9 hydras
  The ghost of TheAraber the Cleaver, a journeyman GnBe of Trog (D:11)
  3 vault guards
  Erica (D:10)
  2 ghost crabs (Swamp:1)
  2 catoblepae
  A death knight (D:15)
  2 centaur warriors
  2 anacondas (Lair:6)
  4 two-headed ogres
  6 death yaks
  3 alligators
  A tengu warrior (D:15)
  17 slime creatures
  7 orc high priests (Orc:2)
  A sun demon (Orc:2)
  A soul eater (Orc:2)
  A fire crab (Lair:5)
  A sixfirhy (Orc:2)
  An unseen horror (D:12)
  A deep elf archer (Orc:2)
  4 wizards
  2 gelid demonspawn (Orc:2)
  A spriggan druid (Swamp:2)
  A swamp dragon (Swamp:1)
  A glowing orange brain (D:15)
  A phantasmal warrior (D:15)
  14 orb spiders
  8 orc sorcerers
  5 orc knights (Orc:2)
  2 cyclopes
  A deep elf mage (D:14)
  25 wolf spiders
  14 ugly things
  6 manticores
  3 moths of wrath (Spider:1)
  An oklob plant (Lair:1)
  A cyclops (shapeshifter) (D:15)
  A rust devil (Orc:2)
  2 black mambas
  9 elephants
  An ice statue (IceCv)
  A smoke demon (Orc:2)
  2 torpor snails
  6 centaur zombies
  An orange demon (Orc:2)
  19 spiny frogs
  A yaktaur (shapeshifter) (D:14)
  3 centaur skeletons
  12 demonic crawlers
  2 freezing wraiths (D:15)
  7 komodo dragons
  2 rime drakes
  A rime drake (shapeshifter) (D:15)
  A redback zombie (D:15)
  19 tyrant leeches
  25 jumping spiders
  13 trolls
  A merfolk (shapeshifter) (D:15)
  11 polar bears
  13 hornets
  17 dream sheep
  20 blink frogs
  5 bog bodies
  14 hippogriffs
  2 vampires
  62 redbacks
  5 spriggans
  3 shadows
  48 yaks
  22 tarantellas
  2 wraiths
  A human (D:7)
  2 wyverns
  4 hogs
  4 hungry ghosts
  A steam dragon (D:11)
  A chaos spawn (Orc:2)
  10 basilisks
  18 vampire mosquitoes
  4 wargs
  10 insubstantial wisps
  13 swamp worms
  A soldier ant (D:13)
  21 water moccasins
  A porcupine (shapeshifter) (D:15)
  3 swamp drakes
  5 black bears
  15 porcupines
  2 sky beasts
  9 ice beasts
  40 orc warriors
  A necrophage (D:8)
  11 ogres
  An eye of draining (D:11)
  4 phantoms
  16 wolves
  16 centaurs
  11 crocodiles
  3 big kobolds
  22 bullfrogs
  A water moccasin zombie (D:6)
  8 scorpions
  6 killer bees (D:11)
  13 wights
  An electric eel (D:11)
  3 crimson imps
  4 jellies
  A quasit (D:11)
  35 orc priests
  11 hounds
  2 bullfrog skeletons
  5 iguanas
  21 orc wizards
  18 worker ants
  A hound skeleton (D:6)
  2 howler monkey zombies
  3 worker ant zombies
  10 gnolls
  14 adders
  2 river rats
  6 shadow imps
  7 oozes
  11 worms
  A dart slug (D:1)
  8 leopard geckos
  112 orcs
  8 bats
  7 giant cockroaches
  6 hobgoblins
  18 jackals
  2 quokkas
  A ball python (D:3)
  4 frilled lizards
  7 goblins
  A jackal skeleton (D:4)
  14 kobolds
  A leopard gecko zombie (D:7)
  A quokka zombie (D:5)
  12 rats
  2 briar patches (Swamp:1)
  11 plants
1189 creatures vanquished.

Vanquished Creatures (others)
  3 wolves (IceCv)
  A quokka (D:11)
  14 fungi
  12 plants
30 creatures vanquished.

Grand Total: 1219 creatures vanquished

Notes
Turn   | Place    | Note
-------+----------+-------------------------------------------
     0 | D:1      | grattegratte the Gargoyle Earth Elementalist began the
                  | quest for the Orb.
     0 | D:1      | Reached XP level 1. HP: 10/10 MP: 3/3
     1 | D:1      | Found a runed translucent door.
   211 | D:1      | Reached XP level 2. HP: 15/15 MP: 5/5
   231 | D:1      | Reached skill level 4 in Earth Magic
  1410 | D:2      | Reached XP level 3. HP: 16/19 MP: 5/7
  1421 | D:2      | Learned a level 2 spell: Passwall
  2198 | D:2      | Reached XP level 4. HP: 17/24 MP: 4/8
  2246 | D:2      | Learned a level 3 spell: Stone Arrow
  2560 | D:2      | Found an ornate altar of the Wu Jian Council.
  2560 | D:2      | Found a deep blue altar of Sif Muna.
  2566 | D:2      | Found a sacrificial altar of Ru.
  2570 | D:2      | Found a sparkling altar of Nemelex Xobeh.
  2572 | D:2      | Found an opulent altar of Gozag.
  2592 | D:2      | Became a worshipper of Sif Muna the Loreminder
  2710 | D:2      | Reached skill level 5 in Earth Magic
  2994 | D:3      | Reached skill level 1 in Conjurations
  3309 | D:3      | Found a shimmering altar of Xom.
  3331 | D:3      | Reached XP level 5. HP: 28/28 MP: 10/10
  3719 | D:3      | Learned a level 4 spell: Petrify
  3767 | D:4      | Found a snail-covered altar of Cheibriados.
  3847 | D:4      | Reached * piety under Sif Muna
  3899 | D:4      | Found a radiant altar of Vehumet.
  3972 | D:4      | Reached XP level 6. HP: 26/32 MP: 8/11
  4174 | D:4      | Noticed a phantom
  4178 | D:4      | Killed a phantom
  4488 | D:4      | Found a deep blue altar of Sif Muna.
  4771 | D:1      | Reached skill level 6 in Earth Magic
  5002 | D:5      | Entered Level 5 of the Dungeon
  5043 | D:5      | Reached XP level 7. HP: 30/36 MP: 10/13
  5068 | D:5      | Found a glowing drain.
  5099 | Sewer    | Entered a sewer
  5212 | Sewer    | Reached ** piety under Sif Muna
  5250 | Sewer    | Found a white marble altar of Elyvilon.
  5624 | D:5      | Reached skill level 5 in Conjurations
  5875 | D:5      | Reached skill level 7 in Earth Magic
  5881 | D:5      | Reached XP level 8. HP: 41/41 MP: 2/15
  6407 | D:5      | Reached skill level 5 in Spellcasting
  6502 | D:6      | Reached *** piety under Sif Muna
  6855 | D:6      | Found a hazy altar of Hepliaklqana.
  6894 | D:6      | Reached skill level 8 in Earth Magic
  7555 | D:7      | Found a staircase to the Ecumenical Temple.
  7646 | Temple   | Entered the Ecumenical Temple
  7959 | D:7      | Reached XP level 9. HP: 40/45 MP: 5/17
  8003 | D:6      | Reached skill level 9 in Earth Magic
  8030 | D:6      | Reached **** piety under Sif Muna
  8448 | D:7      | Reached skill level 10 in Earth Magic
  8456 | D:7      | Noticed a manticore
  8460 | D:7      | Killed a manticore
  8475 | D:7      | Reached ***** piety under Sif Muna
  8475 | D:7      | Reached XP level 10. HP: 50/50 MP: 8/19
  8709 | D:7      | Found Suotto's Distillery.
  8804 | D:7      | Identified Ekhus's Tome of the Rocks and Confrontation (Sif
                  | Muna gifted it to you on level 7 of the Dungeon)
  8804 | D:7      | Received a gift from Sif Muna
  9001 | D:8      | Found Eczic's Book Shop.
  9025 | D:8      | Reached skill level 11 in Earth Magic
  9059 | D:8      | Found a staircase to the Lair.
  9182 | D:7      | Reached skill level 10 in Conjurations
  9453 | D:8      | Found the amulet of the Air {Inacc +Fly rElec EV+5 RMsl}
  9700 | D:8      | Learned a level 5 spell: Lee's Rapid Deconstruction
  9707 | D:8      | Learned a level 6 spell: Iron Shot
 10122 | D:9      | Found a hide-covered altar of Uskayaw.
 10130 | D:9      | Found Fumikk's Jewellery Boutique.
 10758 | D:10     | Entered Level 10 of the Dungeon
 10764 | D:9      | Identified Sif Muna's Reference Book on Hurtful Necromancy
                  | (Sif Muna gifted it to you on level 9 of the Dungeon)
 10764 | D:9      | Received a gift from Sif Muna
 11736 | D:9      | Reached XP level 11. HP: 54/54 MP: 13/23
 11982 | D:10     | Reached skill level 12 in Earth Magic
 12028 | D:10     | Noticed Erica
 12080 | D:10     | Killed Erica
 12087 | D:10     | Noticed a wizard
 12121 | D:10     | Noticed a wizard
 12127 | D:10     | Killed a wizard
 12355 | D:10     | Killed a wizard
 12518 | D:10     | Identified Roxanne's Volume of Dhcmrlchtdj
 12530 | D:10     | Noticed a wizard
 12532 | D:10     | Killed a wizard
 12532 | D:10     | Noticed a wizard
 12570 | D:10     | Identified Zyigh's Papyrus of Axaxaxas mlö
 12581 | D:10     | Identified the Papyrus of Combed Thunderclap
 12616 | D:10     | Reached skill level 1 in Fighting
 13003 | D:11     | Found a runed translucent door.
 13019 | D:11     | Noticed TheAraber's ghost (journeyman GnBe)
 13057 | D:11     | Killed TheAraber's ghost
 13189 | D:11     | Noticed a two-headed ogre
 13194 | D:11     | Killed a two-headed ogre
 13335 | D:11     | Found a staircase to the Orcish Mines.
 13335 | D:11     | Found Vuanoiq's Weapon Emporium.
 13457 | D:11     | Found Sostrypud's Armour Emporium.
 13932 | D:11     | Noticed a green ugly thing
 13940 | D:11     | Learned a level 1 spell: Summon Butterflies
 13953 | D:11     | Killed a green ugly thing
 13953 | D:11     | Reached skill level 13 in Earth Magic
 13953 | D:11     | Noticed a cyan ugly thing
 13986 | D:11     | Reached skill level 1 in Armour
 13986 | D:11     | Identified Sif Muna's Guide on Self-Improvement (Sif Muna
                  | gifted it to you on level 11 of the Dungeon)
 13986 | D:11     | Received a gift from Sif Muna
 14149 | D:11     | Reached skill level 1 in Summonings
 14448 | D:11     | Reached XP level 12. HP: 65/66 MP: 13/25
 14735 | D:11     | Found a white marble altar of Elyvilon.
 15533 | D:12     | Found Fysaelo's Distillery.
 16966 | D:12     | Reached skill level 5 in Fighting
 17673 | D:13     | Reached skill level 1 in Transmutations
 18556 | D:12     | Noticed a two-headed ogre
 18763 | D:12     | Killed a two-headed ogre
 19116 | D:14     | Identified Seank's Disquisition on Attacks (Sif Muna gifted
                  | it to you on level 14 of the Dungeon)
 19116 | D:14     | Received a gift from Sif Muna
 19116 | D:14     | Reached skill level 5 in Armour
 19758 | D:14     | Reached skill level 10 in Spellcasting
 19758 | D:14     | Reached XP level 13. HP: 75/75 MP: 15/27
 19761 | D:14     | Noticed a vault guard
 19762 | D:14     | Noticed a vault guard
 20134 | D:14     | Noticed a vault guard
 20494 | D:13     | Killed a vault guard
 20867 | D:14     | Killed a vault guard
 21056 | D:14     | Noticed a vault guard
 21065 | D:14     | Killed a vault guard
 21065 | D:14     | Reached skill level 14 in Earth Magic
 21195 | D:14     | Found a gate to the Vaults.
 21480 | D:14     | Got a faintly glowing scale mail
 22489 | Lair:1   | Entered Level 1 of the Lair of Beasts
 22847 | Lair:1   | Got a crude leather armour
 23422 | Lair:1   | Identified the +0 leather armour of Oshixaf {MR+} (You
                  | found it on level 1 of the Lair of Beasts)
 23432 | Lair:1   | Identified the +1 scale mail of the Meadowlark {Str-3 Dex+5
                  | Slay+5} (You found it on level 14 of the Dungeon)
 24292 | D:15     | Entered Level 15 of the Dungeon
 24295 | D:15     | Reached skill level 1 in Invocations
 25160 | Lair:1   | Gained mutation: Your large and strong wings let you fly
                  | indefinitely. [Gargoyle growth]
 25160 | Lair:1   | Reached XP level 14. HP: 77/84 MP: 1/28
 25364 | Lair:1   | Got a faintly glowing hand axe
 26022 | Lair:2   | Noticed Fannar
 26108 | Lair:2   | Killed Fannar
 26696 | Lair:2   | Found a staircase to the Swamp.
 27801 | Lair:3   | Identified Sif Muna's Volume of Scorching Air (Sif Muna
                  | gifted it to you on level 3 of the Lair of Beasts)
 27801 | Lair:3   | Received a gift from Sif Muna
 27819 | Lair:3   | Learned a level 5 spell: Bolt of Magma
 28035 | Lair:3   | Reached skill level 1 in Fire Magic
 28250 | Lair:3   | Found a hide-covered altar of Uskayaw.
 29401 | Lair:4   | Reached skill level 15 in Earth Magic
 31324 | Lair:4   | Found a hole to the Spider Nest.
 31547 | Lair:4   | Identified a scroll of acquirement
 31787 | Orc:1    | Entered Level 1 of the Orcish Mines
 32726 | Orc:1    | Noticed an orc warlord
 33241 | Orc:1    | Found a roughly hewn altar of Beogh.
 33610 | Orc:1    | Found Ydiodwed's Food Boutique.
 33664 | Orc:1    | Noticed an orc warlord
 33676 | Orc:1    | Identified Sif Muna's Compendium of Conjuration (Sif Muna
                  | gifted it to you on level 1 of the Orcish Mines)
 33676 | Orc:1    | Received a gift from Sif Muna
 33893 | D:11     | Killed an orc warlord
 33893 | D:11     | Reached skill level 5 in Invocations
 33893 | D:11     | Reached XP level 15. HP: 82/92 MP: 0/30
 34112 | D:11     | Killed an orc warlord
 34112 | D:11     | Reached skill level 5 in Fire Magic
 34258 | Orc:1    | Reached skill level 10 in Fighting
 34675 | Orc:2    | Entered Level 2 of the Orcish Mines
 34692 | Orc:2    | Found a staircase to the Elven Halls.
 34715 | Orc:2    | Found a frozen archway.
 34731 | IceCv    | Entered an ice cave
 36271 | IceCv    | Noticed a frost giant
 36331 | IceCv    | Killed a frost giant
 36672 | IceCv    | Identified the Disquisition on Cold
 37785 | Orc:2    | Noticed an orc warlord
 39188 | Orc:2    | Found Boovusou's Magic Scroll Boutique.
 39477 | Orc:2    | Found Efom's Magic Scroll Shop.
 39831 | Swamp:1  | Entered Level 1 of the Swamp
 40874 | Spider:1 | Entered Level 1 of the Spider Nest
 43306 | Spider:1 | Identified Sif Muna's Collected Works on Attacks and Evil
                  | Magic (Sif Muna gifted it to you on level 1 of the Spider
                  | Nest)
 43306 | Spider:1 | Received a gift from Sif Muna
 43612 | Lair:5   | Reached skill level 16 in Earth Magic
 45408 | Lair:6   | Entered Level 6 of the Lair of Beasts
 45616 | Lair:6   | Reached XP level 16. HP: 99/99 MP: 0/32
 47085 | Lair:6   | Found a runed translucent door.
 47085 | Lair:6   | Found a viscous altar of Jiyva.
 47095 | Lair:6   | Found a staircase to the Slime Pits.
 47095 | Lair:6   | Noticed an acid blob
 47219 | Lair:6   | Got an ichor-stained flail
 47768 | Lair:6   | Killed an acid blob
 49441 | D:15     | Noticed Jorgrun
 49451 | D:15     | Killed Jorgrun
 50667 | D:15     | Reached skill level 15 in Conjurations
 50668 | D:15     | Received a gift from Sif Muna
 50673 | D:15     | Found a staircase to the Depths.
 51819 | Orc:2    | Reached skill level 10 in Fire Magic
 51899 | Orc:2    | Reached skill level 1 in Staves
 52069 | Orc:2    | Reached skill level 1 in Evocations
 52915 | Orc:2    | Reached XP level 17. HP: 96/106 MP: 17/33
 53069 | Orc:2    | Found Egunyghi's Antique Armour Emporium.
 53069 | Orc:2    | Found Keixtoyk's Gadget Shoppe.
 53069 | Orc:2    | Found a one-way gate leading to the halls of Pandemonium.
 53422 | Orc:2    | Bought a runed helmet for 247 gold pieces
 53422 | Orc:2    | Bought a pair of glowing gloves for 247 gold pieces
 54825 | Swamp:1  | Received a gift from Sif Muna
 55005 | Swamp:1  | Reached skill level 1 in Shields
 55989 | Swamp:2  | Got an ichor-stained robe
 56000 | Swamp:2  | Identified the +1 robe of Vehumet's Whim {Str+4} (You found
                  | it on level 2 of the Swamp)
 56475 | Swamp:2  | Reached skill level 17 in Earth Magic
 57162 | Spider:1 | Learned a level 3 spell: Conjure Flame
 60909 | Spider:3 | Reached XP level 18. HP: 108/112 MP: 0/35
 61237 | Spider:3 | Reached skill level 5 in Staves
 61335 | Spider:3 | Identified Sif Muna's Reference Book on Scorching Poison
                  | (Sif Muna gifted it to you on level 3 of the Spider Nest)
 61335 | Spider:3 | Received a gift from Sif Muna
 61803 | Spider:4 | Entered Level 4 of the Spider Nest
 63762 | Spider:4 | Noticed Arachne
 63806 | Spider:4 | Killed Arachne
 64051 | Spider:4 | Reached skill level 5 in Evocations
 64336 | Spider:4 | Reached ****** piety under Sif Muna
 64789 | Spider:4 | Identified Sif Muna's Grimoire of Conjuration (Sif Muna
                  | gifted it to you on level 4 of the Spider Nest)
 64789 | Spider:4 | Received a gift from Sif Muna
 65033 | Spider:3 | HP: 5/113 [something (4)]
 65034 | Spider:3 | Slain by a ghost moth

Skill      XL: |  1  2  3  4  5  6  7  8  9 10 11 12 13 14 15 16 17 18 |
---------------+-------------------------------------------------------+-----
Earth Magic    | 4 5 6 7 8 10 11 13 14 15 16 17 | 17.5
Spellcasting   | 3 4 5 6 8 9 10 11 12 13 | 13.2
Conjurations   | 1 2 4 5 7 9 10 11 12 13 14 15 | 15.8
Fighting       | 4 6 8 9 10 11 12 | 12.8
Armour         | 1 5 6 |  6.0
Summonings     | 1 3 |  3.0
Transmutations | 2 3 |  3.0
Dodging        | 3 |  3.0
Invocations    | 2 5 |  5.0
Fire Magic     | 4 8 10 11 12 | 12.2
Staves         | 2 4 5 |  5.9
Evocations     | 2 4 5 |  5.2
Shields        | 4 |  4.0
Stealth        | |  2.1

Action                   |  1- 3 |  4- 6 |  7- 9 | 10-12 | 13-15 | 16-18 || total
-------------------------+-------+-------+-------+-------+-------+-------++-------
Melee: Club              |    47 |       |       |       |       |       ||    47
       Short sword       |    79 |   139 |       |       |       |       ||   218
       Whip              |       |    50 |   160 |    26 |       |       ||   236
       Dagger            |       |       |       |    57 |       |       ||    57
       Staff             |       |       |       |    13 |   468 |   617 ||  1098
Throw: Stone             |       |       |       |       |     7 |     1 ||     8
 Cast: Sandblast         |    17 |    41 |   118 |    81 |    55 |    96 ||   408
       Stone Arrow       |       |     4 |    32 |   270 |   725 |   255 ||  1286
       Passwall          |       |       |     3 |     6 |    16 |    12 ||    37
       Lee's Rapid Decon |       |       |       |    41 |   189 |    53 ||   283
       Iron Shot         |       |       |       |     2 |    65 |   222 ||   289
       Summon Butterflie |       |       |       |     3 |    31 |    29 ||    63
       Petrify           |       |       |       |     2 |     3 |     1 ||     6
       Bolt of Magma     |       |       |       |       |    11 |   135 ||   146
       Conjure Flame     |       |       |       |       |       |    12 ||    12
Invok: Divine Energy     |       |     1 |       |       |       |       ||     1
       Channel Magic     |       |       |       |       |       |     1 ||     1
 Abil: Fly               |       |       |       |       |     1 |       ||     1
Evoke: Wand              |       |       |       |       |     3 |       ||     3
  Use: Scroll            |       |     1 |     4 |     9 |    13 |     8 ||    35
       Potion            |       |       |       |       |     4 |     2 ||     6
 Stab: Sleeping          |     3 |     8 |     1 |       |       |       ||    12
  Eat: Chunk             |     4 |    10 |    13 |    36 |    89 |    59 ||   211
       Ration            |       |       |       |     3 |    13 |    22 ||    38
Armor: Robe              |    62 |    64 |   101 |    23 |   288 |       ||   538
       Skin              |       |       |       |   129 |       |       ||   129
       Leather armour    |       |       |       |       |   236 |   620 ||   856
       Troll leather arm |       |       |       |       |       |   134 ||   134
Dodge: Dodged            |   112 |   138 |   150 |   256 |  1058 |  1199 ||  2913
       Deflected         |       |       |       |     4 |    22 |    17 ||    43
Block: Buckler           |       |       |       |       |       |   119 ||   119
